 Dungeon Crawl Stone Soup version 0.29.1-4-g47bece8355 (webtiles) character file.

Game seed: 5039456806456940190

124 hawla the Chiller (level 5, -5/39 HPs)
             Began as a Meteoran Ice Elementalist on Dec 8, 2022.
             Slain by a gnoll
             ... wielding a +0 halberd
              (8 damage)
             ... on level 3 of the Dungeon.
             The game lasted 00:03:00 (398 turns).

hawla the Chiller (Meteoran Ice Elementalist)        Turns: 398, Time: 00:03:00

Health: -5/39      AC:  3    Str: 16    XL:     5   Next: 56%
Magic:  8/12       EV: 13    Int: 18    God:
Gold:   92         SH:  5    Dex: 14    Spells: 8/12 levels left

rFire   . . .      SeeInvis .   h - +2 flail (holy)
rCold   . . .      Faith    .   (no shield)
rNeg    . . .      Spirit   .   a - +1 robe
rPois   .          Reflect  +   (no helmet)
rElec   .          Harm     .   (no cloak)
rCorr   .          Rampage  .   (no gloves)
Will    .....                   (no boots)
Stlth   +.........              c - amulet of reflection
HPRegen 0.13/turn               d - ring of wizardry
MPRegen 0.13/turn               f - +6 ring of strength

@: glowing
A: sense surroundings 1, otherworldly, glowing, explore regen
a: no special abilities


You were on level 3 of the Dungeon.
You visited 1 branch of the dungeon, and saw 4 of its levels.

You collected 92 gold pieces.

Inventory:

Hand Weapons
 h - a +2 flail of holy wrath (weapon)
Armour
 a - a +1 robe (worn)
Jewellery
 c - an amulet of reflection (around neck)
 d - a ring of wizardry (left hand)
 f - a +6 ring of strength (right hand)
Potions
 b - a potion of magic
 e - a potion of curing {unknown}


   Skills:
 + Level 0.7 Fighting
 + Level 3.0 Dodging
 - Level 1.4 Stealth
 + Level 0.9 Shields
 + Level 4.4 Spellcasting
 + Level 5.5 Ice Magic


You had 8 spell levels left.
You knew the following spells:

 Your Spells              Type           Power      Damage    Failure   Level
a - Freeze                Ice            92%        1d10      1%          1
b - Frozen Ramparts       Ice            46%        1d7       1%          3

Your spell library contained the following spells:

 Spells                   Type           Power      Damage    Failure   Level
 Ozocubu's Armour         Ice            23%        N/A       1%          3
 Hailstorm                Conj/Ice       13%        3d5       17%         4


Dungeon Overview and Level Annotations

Branches:
Dungeon (4/15) Zot: 2003
 Temple: D:4-7

Altars:


Innate Abilities, Weirdness & Mutations

You passively map a small area around you.
You are easily found by Zot.
You glow in the dark.
You regain HP and MP as you explore.


Message History

You kill the orc!
The wall freezes the orc.
You kill the orc!
An orc comes into view. It is wielding a +0 dagger.
The wall freezes the orc.
A gnoll comes into view. It is wielding a +0 halberd.
The wall freezes the orc.
The wall freezes the hobgoblin.
The wall freezes the orc.
You kill the orc!
Casting: Frozen Ramparts (safe; 1% risk of failure)
Confirm with . or Enter, or press ? or * to list all spells.
Aiming: Freeze (safe; 1% risk of failure)
Press: ? - help, Shift-Dir - straight line, f - orc
Aim: an orc, wielding a +0 short sword and wearing a +0 leather armour (almost dead)
You freeze the orc.
You kill the orc!
The wall freezes the gnoll.
The wall freezes the hobgoblin.
You kill the hobgoblin!
The wall freezes the gnoll.
The gnoll hits you from afar with a +0 halberd!
* * * LOW HITPOINT WARNING * * *
A gnoll comes into view. It is wielding a +0 whip.
An orc comes into view. It is wielding a +0 war axe.
Unknown command.
As you read the scroll labelled VAUGGUY GYZAON, it crumbles to dust.
It is a scroll of enchant armour.
Your +0 robe glows green for a moment.
The wall freezes the gnoll.
The gnoll hits you from afar with a +0 halberd.
* * * LOW HITPOINT WARNING * * *
The wall freezes the ball python.
You kill the ball python!
The wall freezes the orc.
Your frozen ramparts will break if you move.
Continue?
The frozen ramparts melt away as you move.
A ball python comes into view.
The orc shouts!
You see here a +0 spear.
The gnoll closely misses you. The gnoll hits you with a +0 halberd!
You die...

* , , ,, #...,,
,, #.. * * #,#..
, , , * * ,#.#..
* ,#.#.#########
,#..)..g@..g.# *
.#.g###.#######.#
...o..)..g.o)g..#
*
##.####)#########
* #†# ,,, )†# **
#..# , #..# *....


You could see 2 gnolls.

Vanquished Creatures
  A hound (D:4)
  A gnoll bouda (D:3)
  3 gnolls
  An adder (D:3)
  4 orcs (D:3)
  2 ball pythons (D:3)
  2 bats (D:1)
  3 endoplasms
  2 giant cockroaches
  A goblin (D:2)
  2 hobgoblins
  3 kobolds
25 creatures vanquished.

Notes
Turn   | Place    | Note
-------+----------+-------------------------------------------
     0 | D:1      | hawla the Meteoran Ice Elementalist began the quest for the
                  | Orb.
     0 | D:1      | Reached XP level 1. HP: 14/14 MP: 5/5
   109 | D:1      | Reached XP level 2. HP: 20/20 MP: 3/6
   337 | D:4      | Noticed a hound
   341 | D:4      | Reached XP level 3. HP: 26/26 MP: 6/8
   345 | D:4      | Reached skill level 5 in Ice Magic
   345 | D:4      | Reached XP level 4. HP: 25/33 MP: 2/10
   351 | D:4      | Learned a level 3 spell: Frozen Ramparts
   364 | D:3      | Reached XP level 5. HP: 5/39 MP: 7/12
   398 | D:3      | Slain by a gnoll

Illustrated notes

Levels and vault maps discovered:
D:1:      dpeg_arrival_oval, layout_basic, serial_shops, shop,
          shapermc_ecumenical_altar_pompeii
D:2:      layout_rooms, st_stairs_4, chequers_serial_rivers_micro_b,
          reono_crystal_passage
D:3:      layout_basic
D:4:      layout_loops_ring, minmay_temple_entry_slanted, uniq_blork_the_orc,
          uniq_edmund, uniq_ijyb, uniq_duvessa

Skill      XL: |  1  2  3  4 |
---------------+-------------+-----
Spellcasting   | 3 4 |  4.4
Ice Magic      | 5 |  5.5
Dodging        | 3 |  3.0
Fighting       | |  0.7
Stealth        | |  1.4
Shields        | |  0.9

Action                   |  1- 3 |  4- 6 || total
-------------------------+-------+-------++-------
Melee: Unarmed           |     4 |       ||     4
 Cast: Freeze            |    20 |     7 ||    27
       Frozen Ramparts   |       |     4 ||     4
  Use: Potion            |       |     1 ||     1
       Scroll            |       |     1 ||     1
Armor: Robe              |     9 |       ||     9
Dodge: Dodged            |     6 |     5 ||    11
Block: Other             |     5 |     1 ||     6
       Reflection        |     1 |       ||     1
